Unix NetHack Version 5.0.0-0 post-release - last build May 23 2026 06:08:33 (1c0ff79ee797540d5714e4e18072db0edd9e58ae,branch:main).

Game began 2026-05-25 18:50:28, ended 2026-05-25 19:06:36.

ArrBianca, chaotic female orcish Rogue

                                                      --------
             ------------                             |......|
             |..........|                            #.......|
             |..........|       #######)##############|......|
  ------   ##........^...########                    #|.<....|
  |....|   # ------------       #                    #|......|
  |.....####              #######                    #|......-
  |....|################00#                          #--------
  |.....#                                          ####
  ------                                           B@##
                                         |...-
                                         -..

ArrBianca the Cutpurse  St:18/02 Dx:16 Co:10 In:10 Wi:8 Ch:11  Chaotic
Dlvl:5  $:95 HP:0(32) Pw:16(16) AC:8  Xp:5 T:1490 

Latest messages:
 The gnome lord wields a thonged club!
 The gnome lord secures the tether on the thonged club.
 You are conscious again.
 There is a partly eaten gnomish wizard corpse here; eat it? [ynq] (n) y
 You resume your meal.
 The gnome lord throws a thonged club!
 You are hit by a thonged club!
 You stop eating the gnomish wizard corpse.
 The thonged club returns to the gnome lord's hand!
 The gnome lord swings his thonged club.
 The gnome lord hits!
 You hit the gnome lord.
 The gnome lord swings his thonged club.
 The gnome lord hits!
 You hit the gnome lord.
 You hit the gnome lord!
 The gnome lord swings his thonged club.
 The gnome lord hits!
 You kill the gnome lord!
 You see here a thonged club.
 You see here a partly eaten gnomish wizard corpse.
 You have a little trouble lifting a partly eaten gnomish wizard corpse.  Continue? [ynq] (q) n
 There is a partly eaten gnomish wizard corpse here; eat it? [ynq] (n) y
 You resume your meal.
 You finish eating the gnomish wizard corpse.
 You hear water falling on coins.
 z - a tripe ration.
 With great effort you move the boulder.
 You try to move the boulder, but in vain.
 You try to move the boulder, but in vain.
 You try to move the boulder, but in vain.
 You try to move the boulder, but in vain.
 You try to move the boulder, but in vain.
 A - a brown potion.
 An arrow shoots out at you!
 You are hit by an arrow!
 You try to move the boulder, but in vain.
 You see here a thonged club.
 In what direction? h
 The orcish dagger hits the giant bat.
 The giant bat bites!
 You miss the giant bat.
 The giant bat bites!
 The giant bat bites!
 In what direction? h
 The orcish dagger misses the giant bat.
 The giant bat bites!
 The giant bat bites!
 You die...
 Do you want your possessions identified? [ynq] (y) q

Inventory:
 Coins    ('$')
  $ - 95 gold pieces
 Weapons  (')')
  u - 10 cursed -1 elven arrows
  p - 4 +0 orcish daggers (at the ready)
  a - a corroded +0 orcish short sword (weapon in right hand)
 Armor    ('[')
  c - an uncursed burnt +1 leather armor (being worn)
 Comestibles  ('%')
  j - 2 uncursed heads of romanesco
  f - an uncursed carrot
  r - an uncursed food ration
  z - an uncursed tripe ration
  g - an uncursed tin of pureed newt meat
  m - an uncursed egg
  k - 2 uncursed lichen corpses
 Scrolls  ('?')
  l - an uncursed scroll of blank paper
 Potions  ('!')
  A - an uncursed potion of full healing
  o - an uncursed potion of healing
  y - a cursed potion of healing
  d - an uncursed potion of sickness
  v - an uncursed potion of water
 Tools    ('(')
  h - an uncursed sack containing 2 items
  e - an uncursed lock pick

Contents of the sack:
  an uncursed skeleton key
  an uncursed worthless piece of blue glass

ArrBianca the Rogue's attributes:

Background:
 You were a Cutpurse, a level 5 female orcish Rogue.
 You were chaotic, nominally on a mission for Kos
 who was opposed by Issek (lawful) and Mog (neutral).
 You were right-handed.
 You were in the Dungeons of Doom, on level 5.
 You entered the dungeon 1490 turns ago.
 You had 305 experience points, 15 more were needed to attain level 6.

Basics:
 You had 0 out of 32 hit points.
 You had all 16 energy points (spell power).
 Your armor class was 8.
 Your wallet contained 95 zorkmids.
 Autopickup was on for '$?!/="+%' plus thrown, with exceptions.

Final Characteristics:
 Your strength was 18/02 (limit:18/50).
 Your dexterity was 16 (limit:18).
 Your constitution was 10 (limit:18).
 Your intelligence was 10 (limit:16).
 Your wisdom was 8 (limit:16).
 Your charisma was 11 (limit:16).

Final Status:
 You weren't hungry.
 You were unencumbered.
 You were wielding a short sword.
 You had basic skill with short sword.

Final Attributes:
 You were devoutly aligned.
 You were poison resistant.
 You had infravision.
 You were stealthy.
 You were warded.
 You are dead.

Miscellaneous:
 You didn't encounter any bones levels.
 Total elapsed playing time was 11 minutes and 32 seconds.

Major events:
 Turn
    1: ArrBianca the chaotic female orcish Rogue entered the dungeon
  512: attained the rank of Cutpurse (level 3)
 1490: killed by a giant bat

You didn't know any spells.

Skills:
 Fighting Skills
   bare handed combat [Unskilled]
   two weapon combat  [Unskilled]
   riding             [Unskilled]
 Weapon Skills
   dagger             [Basic]
   knife              [Unskilled]
   short sword        [Basic]
   broadsword         [Unskilled]
   long sword         [Unskilled]
   two-handed sword   [Unskilled]
   saber              [Unskilled]
   club               [Unskilled]
   mace               [Unskilled]
   morning star       [Unskilled]
   flail              [Unskilled]
   hammer             [Unskilled]
   polearms           [Unskilled]
   spear              [Unskilled]
   crossbow           [Unskilled]
   dart               [Unskilled]
   shuriken           [Unskilled]
 Spellcasting Skills
   divination spells  [Unskilled]
   escape spells      [Unskilled]
   matter spells      [Unskilled]

Voluntary challenges:
 Character rerolling was not enabled.
 You were an atheist.
 You were illiterate.
 You never genocided any monsters.
 You never polymorphed an object.
 You never changed form.
 You used no wishes.
Achievements:
 You attained the rank of Cutpurse.
 You entered a shop.

 The Dungeons of Doom: levels 1 to 5
    Level 1:
    Level 2:
       Some fountains.
    Level 3:
    Level 4:
       A general store, a fountain, a sink.
    Level 5: <- You were here.
       Final resting place for
          you, killed by a giant bat.


Vanquished creatures:
  a black pudding
  a small mimic
  2 rock piercers
  2 shriekers
  a gnome leader
  a gnomish wizard
  5 elf zombies
  a little dog
  a homunculus
 an acid blob
  a gas spore
  a hobbit
  a hobgoblin
  2 giant rats
  a brown mold
  a gnome zombie
  a jackal
  a fox
  7 grid bugs
  a bat
  4 lichens
  3 newts
40 creatures vanquished.

No species were genocided or became extinct.

Game over:
                       ----------
                      /          \
                     /    REST    \
                    /      IN      \
                   /     PEACE      \
                  /                  \
                  |    ArrBianca     |
                  |      95 Au       |
                  |   killed by a    |
                  |    giant bat     |
                  |                  |
                  |                  |
                  |       2026       |
                 *|     *  *  *      | *
        _________)/\\_//(\/(/\)/\//\/|_)_______

Goodbye ArrBianca the Rogue...

You died in The Dungeons of Doom on dungeon level 5 with 1792 points,
and 95 pieces of gold, after 1490 moves.
You were level 5 with a maximum of 32 hit points when you died.

